 Dungeon Crawl Stone Soup version 0.29-a0-322-g68df515428 (webtiles) character file.

Game seed: 6471665590885118547

1 scrimwish the Caller (level 1, 0/10 HPs)
             Began as a Tengu Summoner on Apr 6, 2022.
             Slain by a kobold
             ... wielding a +0 dagger
              (3 damage)
             ... on level 1 of the Dungeon.
             The game lasted 00:00:49 (89 turns).

scrimwish the Caller (Tengu Summoner)                 Turns: 89, Time: 00:00:49

Health: 0/10       AC:  2    Str:  8    XL:     1   Next: 20%
Magic:  3/4        EV: 12    Int: 15    God:
Gold:   16         SH:  0    Dex: 14    Spells: 3/4 levels left

rFire   . . .      SeeInvis .   (no weapon)
rCold   . . .      Faith    .   (no shield)
rNeg    . . .      Spirit   .   a - +0 robe
rPois   .          Reflect  .   (helmet restricted)
rElec   .          Harm     .   (no cloak)
rCorr   .          Rampage  .   (no gloves)
Will    .....                   (boots unavailable)
Stlth   ++........              (no amulet)
HPRegen 0.03/turn               (no ring)
MPRegen 0.09/turn               (no ring)

@: no status effects
A: beak, talons 3
a: no special abilities


You were on level 1 of the Dungeon.
You visited 1 branch of the dungeon, and saw 1 of its levels.

You collected 16 gold pieces.

Inventory:

Armour
 a - a +0 robe (worn)
Scrolls
 c - a scroll of torment {unknown}
Potions
 b - a potion of magic


   Skills:
 + Level 2.2 Dodging
 + Level 2.0 Stealth
 + Level 2.0 Spellcasting
 + Level 4.9 Summonings


You had 3 spell levels left.
You knew the following spells:

 Your Spells              Type           Power      Damage    Failure   Level
a - Summon Small Mammal   Summ           64%        N/A       3%          1

Your spell library contained the following spells:

 Spells                   Type           Power      Damage    Failure   Level
 Call Imp                 Summ           16%        N/A       4%          2
 Call Canine Familiar     Summ           16%        N/A       9%          3
 Summon Guardian Golem    Hex/Summ       8%         N/A       24%         3
 Summon Lightning Spire   Summ/Air       8%         N/A       63%         4


Dungeon Overview and Level Annotations

Branches:
Dungeon (1/15)

Altars:


Innate Abilities, Weirdness & Mutations

You have a beak for a mouth.
You have claws for feet.


Message History

Found 8 gold pieces.
You now have 16 gold pieces (gained 8).
You swap places.
You swap places.
An endoplasm comes into view.
Found 20 stones.
Your quokka disappears in a puff of smoke!
You swap places.
You swap places.
The helpless endoplasm fails to defend itself.
You hit the endoplasm.
The endoplasm is lightly wounded.
The endoplasm freezes you.
You are frozen.
You swap places.
Your quokka bites the endoplasm.
The endoplasm barely misses your quokka.
Your quokka bites the endoplasm but does no damage.
The endoplasm closely misses your quokka.
Your quokka bites the endoplasm.
The endoplasm dies!
You swap places.
A kobold comes into view. It is wielding a +0 dagger.
Found a scroll labelled WUMYIFR TITI.
Your quokka disappears in a puff of smoke!
The kobold hits you with a +0 dagger. The kobold misses you.
The kobold hits you with a +0 dagger. The kobold hits you with a +0 dagger.
The kobold attacks as you move away! The kobold hits you with a +0 dagger.
* * * LOW HITPOINT WARNING * * *
The kobold hits your bat but does no damage.
Your bat hits the kobold but does no damage.
You are too injured to fight recklessly!
Your bat hits the kobold but does no damage.
Your bat hits the kobold but does no damage.
Your bat closely misses the kobold.
Your bat hits the kobold but does no damage.
The kobold barely misses you. The kobold attacks as you move away!
The kobold hits you with a +0 dagger.
You die...

.. #.# ... #.#
.... #.#
.......##.######
...............#
..(....##.####.#
.......##.# #.#
.....##.# #.#
...##@# #.#
#.##K# #.# #
#....# #.#
#...###.#### #.#
#....?.# #.#
#..#.#########.#
# ... ......##.#
#.#.#####...#.#
#. ...........#


You could see a kobold.

Vanquished Creatures (collateral kills)
  An endoplasm (D:1)
1 creature vanquished.

Notes
Turn   | Place    | Note
-------+----------+-------------------------------------------
     0 | D:1      | scrimwish the Tengu Summoner began the quest for the Orb.
     0 | D:1      | Reached XP level 1. HP: 10/10 MP: 4/4
    89 | D:1      | Slain by a kobold

Illustrated notes

Levels and vault maps discovered:
D:1:      giann_bridges, layout_loops_ring

Action                   || total
-------------------------++-------
Melee: Unarmed           ||     1
 Cast: Summon Small Mamm ||     4
 Stab: Sleeping          ||     1
Dodge: Dodged            ||     2

Table legend: (Time is in decaauts)
 A = Elapsed time spent in this place.
 B = Non-inter-level travel time spent in this place.
 C = Inter-level travel time spent in this place.
 D = Time resting spent in this place.
 E = Time spent auto-exploring this place.
 F = Levels seen in this place.
 G = Mean time per level.
                   A        B        C        D        E       F      G
               +--------+--------+--------+--------+--------+-----+--------+
         Total |     89 |     89 |      0 |      0 |     13 |   1 |   89.0 |
       Dungeon |     89 |     89 |      0 |      0 |     13 |   1 |   89.0 |
               +--------+--------+--------+--------+--------+-----+--------+

Top non-repeatable levels by time:
     D:1: 89 daAuts
